 Dungeon Crawl Stone Soup version 0.30.1-3-gfc49f6343a (webtiles) character file.

Game seed: 17217472442175290622

3 hawla the Firebug (level 1, -2/14 HPs)
             Began as a Meteoran Fire Elementalist on July 22, 2023.
             Slain by a quokka (3 damage)
             ... on level 1 of the Dungeon.
             The game lasted 00:00:28 (157 turns).

hawla the Firebug (Meteoran Fire Elementalist)       Turns: 157, Time: 00:00:28

Health: -2/14      AC:  3    Str:  9    XL:     1   Next: 71%
Magic:  2/5        EV: 12    Int: 16    God:
Gold:   21         SH:  0    Dex: 14    Spells: 4/5 levels left

rFire   . . .        (no weapon)
rCold   . . .        (no shield)
rNeg    . . .        a - +0 robe
rPois   .            g - +0 helmet
rElec   .            (no cloak)
rCorr   .            (no gloves)
SInv    .            (no boots)
Will    .....        (no amulet)
Stlth   +            (no ring)
HPRegen 0.22/turn    (no ring)
MPRegen 0.09/turn

%: no passive effects
@: glowing
A: sense surroundings 1, otherworldly, glowing, explore regen
a: no special abilities


You were on level 1 of the Dungeon.
You visited 1 branch of the dungeon, and saw 1 of its levels.

You collected 21 gold pieces.

Inventory:

Armour
 a - a +0 robe (worn)
 g - a +0 helmet (worn)
Scrolls
 c - a scroll of poison {unknown}
 d - a scroll of fear {unknown}
Potions
 b - a potion of magic
 e - a potion of ambrosia {unknown}
 f - a potion of heal wounds {unknown}


   Skills:
 + Level 2.5 Dodging
 - Level 1.4 Stealth
 + Level 2.7 Spellcasting
 + Level 1.3 Conjurations
 + Level 3.7 Fire Magic


You had 4 spell levels left.
You knew the following spells:

 Your Spells              Type           Power      Damage    Failure   Level
a - Foxfire               Conj/Fire      40%        2x1d6     7%          1

Your spell library contained the following spells:

 Spells                   Type           Power      Damage    Failure   Level
 Scorch                   Fire           28%        2d6       6%          2
 Inner Flame              Hex/Fire       8%         N/A       26%         3
 Volatile Blastmotes      Fire/Tloc      16%        2d11      26%         3
 Flame Wave               Conj/Fire      10%        2d6       54%         4


Dungeon Overview and Level Annotations

Branches:
Dungeon (1/15) Zot: 441

Altars:


Innate Abilities, Weirdness & Mutations

You passively map a small area around you.
You are easily found by Zot.
You glow in the dark.
You regain HP and MP as you explore.


Message History

The foxfire hits the ball python.
You kill the ball python!
Found a scroll labelled ZUTUMI YNUEGAS.
A goblin comes into view. It is wielding a +0 club.
The goblin shouts!
A quokka comes into view.
A frilled lizard comes into view.
The frilled lizard hisses angrily.
The frilled lizard moves out of view.
You see here a +0 helmet.
Casting: Foxfire (safe; 7% risk of failure)
Confirm with . or Enter, or press ? or * to list all spells.
You conjure some foxfire!
Casting: Foxfire (safe; 7% risk of failure)
Confirm with . or Enter, or press ? or * to list all spells.
You conjure some foxfire!
The foxfire hits the goblin.
The goblin is severely wounded.
The foxfire hits the goblin.
You kill the goblin!
The foxfire hits the quokka but does no damage.
The foxfire hits the quokka.
The quokka is moderately wounded.
Keep equipping yourself? [Y]es or [N]o only, please.
Keep equipping yourself?
You start putting on your armour.
You continue putting on your +0 helmet. x2
The quokka closely misses you.
You continue putting on your +0 helmet.
The quokka bites you. The frilled lizard closely misses you.
You continue putting on your +0 helmet.
The quokka bites you. The frilled lizard bites you.
You finish putting on your +0 helmet.
Casting: Foxfire (safe; 7% risk of failure)
Confirm with . or Enter, or press ? or * to list all spells.
You conjure some foxfire!
The foxfire hits the quokka but does no damage.
The quokka bites you.
* * * LOW HITPOINT WARNING * * *
The frilled lizard closely misses you. The quokka bites you.
You die...

,#∩##~~..###.###
###..~~##<##.## *
#..###.####...#
.#####.####...# * ###.#
#.###...# *####
###.###.###...# *...,, ,
, #.....##.###..###.## ,
.##.##.#.#..#..v.l.### ,
.#..............@r.)?#
....##...........r......
.#.###.####...###..#.##.
.#.###.#
#......#......,,
.......# #....#.##.### .
##.##### #....#.# ..,, *
* ,..# #.....,. ### * ,
#### #.####..# *,* *..*
*


You could see 2 quokkas and a frilled lizard (ally target).

Vanquished Creatures
  A ball python (D:1)
  A goblin (D:1)
  2 rats (D:1)
4 creatures vanquished.

Vanquished Creatures (others)
  10 foxfires (D:1)
10 creatures vanquished.

Grand Total: 14 creatures vanquished

Notes
Turn   | Place    | Note
-------+----------+-------------------------------------------
     0 | D:1      | hawla the Meteoran Fire Elementalist began the quest for
                  | the Orb.
     0 | D:1      | Reached XP level 1. HP: 14/14 MP: 5/5
   157 | D:1      | Slain by a quokka

Illustrated notes

Levels and vault maps discovered:
D:1:      spicycebolla_green_bress_n_ham_2, layout_loops_cross

Action                     || total
---------------------------++-------
  Melee: Unarmed           ||     2
   Cast: Foxfire           ||     7
 Armour: Robe              ||     1
  Dodge: Dodged            ||     5
